 Dungeon Crawl Stone Soup version 0.25.1-2-g60ff931df9 (webtiles) character file.

Game seed: 8203114398816059310

98 Acheron the Charmwright (level 4, -6/33 HPs)
             Began as a Vampire Skald on Aug 21, 2020.
             Mangled by a mummy (14 damage)
             ... in an ossuary.
             The game lasted 00:16:50 (3185 turns).

Acheron the Charmwright (Vampire Skald)             Turns: 3185, Time: 00:16:51

Health: -6/33      AC:  4    Str: 10    XL:     4   Next: 44%
Magic:  2/7        EV: 12    Int: 15    God:
Gold:   123        SH:  0    Dex: 14    Spells: 1/7 levels left

rFire    . . .     SeeInvis +   w - +2 war axe
rCold    . . .     Gourm    .   (no shield)
rNeg     . . .     Faith    .   b - +0 leather armour
rPois    .         Spirit   .   (no helmet)
rElec    .         Reflect  .   (no cloak)
rCorr    .         Harm     .   e - +0 pair of gloves
MR       .....                  (no boots)
Stlth    ++........             (no amulet)
HPRegen  0.31/turn              (no ring)
MPRegen  0.10/turn              (no ring)

@: infused, regenerating quickly
A: no food, fangs 3, see invisible, unbreathing
a: Exsanguinate


You were in an ossuary.
You were alive.

You visited 1 branch of the dungeon, and saw 4 of its levels.
You also visited: Ossuary.

You collected 123 gold pieces.

Inventory:

Hand Weapons
 a - a +0 falchion
 h - a +0 dagger of venom
 w - a +2 war axe (weapon)
Missiles
 d - 43 stones (quivered)
Armour
 b - a +0 leather armour (worn)
 e - a +0 pair of gloves (worn)
Jewellery
 j - an uncursed ring of stealth {unknown}
 o - an uncursed ring of protection from cold {unknown}
Scrolls
 f - 2 scrolls of noise {unknown}
 i - a scroll of teleportation
 p - a scroll of random uselessness {unknown}
Potions
 c - a potion of stabbing {unknown}
 g - a potion of lignification
 k - 4 potions of flight
 l - a potion of curing
 m - a potion of brilliance
 n - 2 potions of mutation {unknown}
 r - a potion of ambrosia {unknown}


   Skills:
 * Level 2.2 Fighting
 + Level 2.4 Long Blades
 * Level 0.7 Throwing
 * Level 1.4 Armour
 * Level 2.6 Dodging
 * Level 1.5 Stealth
 * Level 2.2 Spellcasting
 * Level 1.1 Hexes
 * Level 3.8 Charms


You had one spell level left.
You knew the following spells:

 Your Spells              Type           Power        Failure   Level  Hunger
a - Infusion              Chrm           ##..         6%          1    N/A
b - Shroud of Golubria    Chrm/Tloc      #.....       21%         2    N/A
c - Spectral Weapon       Hex/Chrm       #.......     30%         3    N/A

Your spell library contained the following spells:

 Spells                   Type           Power        Failure   Level  Hunger
 Song of Slaying          Chrm           ##......     9%          2    N/A
 Ozocubu's Armour         Chrm/Ice       #.......     36%         3    N/A

Dungeon Overview and Level Annotations

Branches:
Dungeon (4/15)            Ossuary (1/1)
 Temple: D:4-7

Altars:
Kikubaaqudgha

Annotations:
D:1 exclusion: downstairs
D:2 Terence


Innate Abilities, Weirdness & Mutations

You do not eat.
Your natural rate of healing is unusually fast.
You have razor-sharp teeth.
You have supernaturally acute eyesight. (SInv)
You can survive without breathing.


Message History

Confirm with . or Enter, or press ? or * to list all spells.
You begin infusing your attacks with magical energy.
Casting: Infusion (safe; 6% risk of failure)
Confirm with . or Enter, or press ? or * to list all spells.
Space distorts slightly along a thin shroud covering your body.
The mummy hits you.
You hit the mummy!
The mummy is heavily damaged.
The mummy hits you!
You hit the mummy.
The mummy is severely damaged.
Your shroud bends the mummy's attack away.
You barely miss the mummy.
The mummy is severely damaged.
The mummy hits you!
* * * LOW HITPOINT WARNING * * *
You closely miss the mummy.
The mummy is severely damaged.
The mummy hits you!
You die...

##### #...# ?!
#...# #^ ##.## #.
###+### #.# +.##
##.....## ##.+
#..###@......###..#
+...#M........#...+
#..^'...^⌠....'...#
+...#.........#...+
#..###.......###..#
+.## ##.^..^## ##.+
#. ###'### #.# #^
#.# ##.## !M ##.##
#...#


You could see a mummy.

Vanquished Creatures
  Natasha (D:2)
  An adder (D:2)
  2 oozes
  2 worms
  2 dart slugs (D:1)
  A leopard gecko (D:4)
  2 orcs (D:3)
  5 bats
  2 bat zombies (D:3)
  3 giant cockroaches (D:1)
  4 goblins
  5 hobgoblins
  3 jackals (D:1)
  A frilled lizard (D:4)
  5 kobolds (D:1)
  2 orc zombies (D:4)
  3 rats (D:1)
44 creatures vanquished.

Notes
Turn   | Place    | Note
-------+----------+-------------------------------------------
     0 | D:1      | Acheron the Vampire Skald began the quest for the Orb.
     0 | D:1      | Reached XP level 1. HP: 16/16 MP: 3/3
   308 | D:1      | Reached XP level 2. HP: 20/22 MP: 0/5
   633 | D:1      | Reached skill level 1 in Armour
  1058 | D:1      | Reached skill level 1 in Stealth
  1184 | D:1      | Reached XP level 3. HP: 27/27 MP: 3/6
  1595 | D:2      | Learned a level 2 spell: Shroud of Golubria
  1599 | D:2      | Learned a level 3 spell: Spectral Weapon
  1690 | D:2      | Noticed Natasha
  1987 | D:3      | Found an ancient bone altar of Kikubaaqudgha.
  2166 | D:2      | Noticed Terence
  2628 | D:2      | Killed Natasha
  2628 | D:2      | Reached skill level 1 in Hexes
  2628 | D:2      | Reached XP level 4. HP: 33/33 MP: 0/7
  2927 | D:4      | Noticed a phantom
  3077 | D:4      | Found a sand-covered staircase.
  3082 | Ossuary  | Entered an ossuary
  3185 | Ossuary  | Mangled by a mummy

Illustrated notes

Levels and vault maps discovered:
D:1:      psy_arrival_radial02, layout_basic, hex_large
D:2:      layout_basic, vehumet_crystals, chequers_ecumenical_altar_lobes,
          uniq_terence, uniq_natasha
D:3:      layout_basic, lemuel_zombie_altar_kikubaaqudgha, first_ration,
          chequers_big_river, uniq_grinder
D:4:      layout_rooms, nicolae_ossuary_entry_catacombs, uniq_blork_the_orc
Ossuary:  ossuary_crypta

Skill      XL: |  1  2  3 |
---------------+----------+-----
Armour         | 1 |  1.4
Fighting       | 2 |  2.2
Stealth        | 1 |  1.5
Hexes          | 1 |  1.1
Long Blades    | |  2.4
Throwing       | |  0.7
Dodging        | |  2.6
Spellcasting   | |  2.2
Charms         | |  3.8

Action                   |  1- 3 |  4- 6 || total
-------------------------+-------+-------++-------
Melee: Falchion          |   102 |    15 ||   117
       Bite              |     5 |     1 ||     6
       War axe           |       |    10 ||    10
Throw: Stone             |       |     2 ||     2
 Cast: Infusion          |    18 |     7 ||    25
       Shroud of Golubri |     2 |     5 ||     7
  Use: Scroll            |     2 |     8 ||    10
 Stab: Sleeping          |       |     2 ||     2
Armor: Leather armour    |    35 |     4 ||    39
Dodge: Dodged            |    88 |    15 ||   103
       Rpst.: Falchion   |    27 |     1 ||    28
